 Dungeon Sprint DCSS version 0.18-a0-1789-gbeff17f (webtiles) character file.

2 M4edhros the Charlatan (level 1, -6/15 HPs)
             Began as an Octopode Artificer on Apr 21, 2016.
             Mangled by a small abomination (10 damage)
             ... summoned by the capriciousness of Xom
             ... while paralysed
             ... in the Dungeon (Sprint VII: "The Pits").
             The game lasted 00:02:29 (7673 turns).

M4edhros the Charlatan (Octopode Artificer)         Turns: 7673, Time: 00:02:30

Health: -6/15      AC:  3    Str: 14    XL:     1   Next: 30%
Magic:  3/3        EV:  2    Int: 16    God:    Xom [.*....]
Gold:   119        SH:  0    Dex: 12    Spells: 0 memorised, 0 levels left

rFire  . . .     SeeInvis +     a - +0 short sword
rCold  . . .     Gourm    .     (no shield)
rNeg   . . .     Faith    .     (helmet restricted)
rPois  .         Spirit   .     (no amulet)
rElec  +         Dismiss  .     s - ring "Moaqesch" {+Fly SInv}
rCorr  .         Reflect  .     (no ring)
SustAt .         Harm     .     (no ring)
MR     .....     NoTele   +     (no ring)
Stlth  +++.......               (no ring)
                                (no ring)
                                (no ring)
                                (no ring)

@: paralysed, exhausted, slowed, not resistant to hostile enchantments, fairly
stealthy
A: almost no armour, amphibious, 8 rings, constrict 8, camouflage 1, blink,
clever 1, robust 2, shaggy fur 2, electricity resistance, strong 2, gelatinous
body 1
a: Blink, Renounce Religion, Evoke Flight


You were in the Dungeon.
You worshipped Xom.
You were a plaything of Xom.
You were not hungry.

You visited 1 branch You collected 119 gold pieces.

Inventory:

Hand Weapons
 a - a +0 short sword (weapon)
 r - a +0 arbalest of chaos
Jewellery
 s - the ring "Moaqesch" (left tentacle) {+Fly SInv}
   (Xom gifted it to you in the Dungeon)

   [ring of flight]

   It lets you see invisible.
   It lets you fly.
Wands
 b - a wand of flame (15/48)
 c - a wand of enslavement (15/24)
 d - a wand of random effects (15/48)
Scrolls
 k - a scroll of blinking
 o - 3 scrolls of remove curse
 p - 5 scrolls of amnesia
 q - a scroll of summoning
Potions
 e - a potion of curing
 g - a potion of heal wounds
 h - a potion of haste
 i - 4 potions of magic
 j - 2 potions of berserk rage
 n - 2 potions of invisibility
Comestibles
 f - 3 bread rations
 l - 40 fruits
 m - 7 meat rations


   Skills:
 - Level 1.0 Fighting
 - Level 1.0 Short Blades
 - Level 2.0 Dodging
 - Level 1.3 Stealth
 + Level 4.3 Evocations


You couldn't memorise any spells.
You didn't know any spells.

Dungeon Overview and Level Annotations

Branches:
Dungeon (1/1)

Altars:
Ashenzari
Cheibriados
Dithmenos
Elyvilon
Fedhas
Kikubaaqudgha
Makhleb
Nemelex Xobeh
Okawaru
Pakellas
Ru
Sif Muna
Trog
Vehumet
Xom
Yredelemnul
Zin
The Shining One
Beogh
Jiyva
Lugonu


Innate Abilities, Weirdness & Mutations

You cannot wear most types of armour.
You are amphibious.
You can wear up to eight rings at the same time.
You can use your tentacles to constrict eight enemies at once.
Your skin changes colour to match your surroundings (Stealth).
Your rubbery body absorbs attacks (AC +1).
You can translocate small distances at will.
Your mind is acute. (Int +2)
You are very robust (+20% HP).
You are covered in thick fur (AC +2).
You are resistant to electric shocks.
Your muscles are very strong. (Str +4)


Message History

Xom is mildly amused.
The small abomination barely misses you.
You hit the small abomination.
The small abomination is lightly damaged.
The small abomination hits you!
Ouch! That really hurt!
You barely miss the small abomination. You squeeze the small abomination!
The small abomination is moderately damaged.
The small abomination hits you.
* * * LOW HITPOINT WARNING * * *
You barely miss the small abomination.
The small abomination is moderately damaged.
You feel a strong urge to attack something.
You see here a dagger.
You feel your anger subside.
You are no longer berserk.
You pass out from exhaustion.
You feel yourself slow down. The small abomination hits you!
Ouch! That really hurt!
You die...

############ m Z
#__________#
#__________#
#_#####+##############++
#)))+.+..##...........
#§#?(##......#..#
######§#####..........
#........§x@'...........
#+#####+#####......#..#.
a #...........
####'#####+ g b
#.......# r #.......# o
#.......# J rJ #...<...#
or #.......#


o You could see a small abomination.

Vanquished Creatures
  An orc (D)
1 creature vanquished.

Notes
Turn   | Place    | Note
--------------------------------------------------------------
     0 | D        | M4edhros the Octopode Artificer began the quest for the Orb.
     0 | D        | Reached XP level 1. HP: 13/13 MP: 3/3
    11 | D        | Reached skill level 4 in Evocations
    28 | D        | Found a sacrificial altar of Ru.
    28 | D        | Found a shadowy altar of Dithmenos.
    28 | D        | Found a bloodstained altar of Trog.
    28 | D        | Found a deep blue altar of Sif Muna.
    28 | D        | Found a shimmering altar of Xom.
    28 | D        | Found a sparkling altar of Nemelex Xobeh.
    28 | D        | Found a corrupted altar of Lugonu.
    28 | D        | Found a viscous altar of Jiyva.
    29 | D        | Found a basalt altar of Yredelemnul.
    29 | D        | Found a glowing golden altar of the Shining One.
    29 | D        | Found a shattered altar of Ashenzari.
    29 | D        | Found a white marble altar of Elyvilon.
    29 | D        | Found a snail-covered altar of Cheibriados.
    29 | D        | Found a blossoming altar of Fedhas.
    29 | D        | Found a radiant altar of Vehumet.
    29 | D        | Found a burning altar of Makhleb.
    29 | D        | Found an ancient bone altar of Kikubaaqudgha.
    29 | D        | Found a glowing silver altar of Zin.
    29 | D        | Found a roughly hewn altar of Beogh.
    29 | D        | Found an iron altar of Okawaru.
    30 | D        | Found an oddly glowing altar of Pakellas.
    32 | D        | Became a worshipper of Xom of Malevolent Giggling
   614 | D        | XOM: harmless Erth miscast
   651 | D        | XOM is BORED!
   651 | D        | XOM: harmless Summ miscast
   702 | D        | XOM: harmless Ice miscast
   717 | D        | XOM: silly message
   926 | D        | XOM: silly message
  1379 | D        | XOM: noise
  2212 | D        | XOM: harmless Pois miscast
  2349 | D        | XOM is BORED!
  2364 | D        | XOM: god gift: 49 gold pieces
  2432 | D        | XOM: harmless Pois miscast
  2523 | D        | XOM: god gift: glowing arbalest {god gift}
  2544 | D        | XOM: god gift: 14 gold pieces
  2781 | D        | XOM: divination: detect creatures
  2880 | D        | XOM: scenery: 4 doors open
  2887 | D        | XOM: noise
  3088 | D        | XOM: give mutation
  3088 | D        | Gained mutation: You are agile. (Dex +2) [Xom's grace]
  3205 | D        | XOM: god gift: 56 gold pieces
  3475 | D        | XOM: give mutations
  3475 | D        | Gained mutation: You are robust (+10% HP). [Xom's grace]
  3475 | D        | Gained mutation: You are very robust (+20% HP). [Xom's grace]
  3475 | D        | Gained mutation: You are covered in fur (AC +1). [Xom's grace]
  3561 | D        | XOM: harmless Chrm miscast
  4212 | D        | XOM: give mutations
  4212 | D        | Gained mutation: You evolve. [Xom's grace]
  4212 | D        | Gained mutation: Your mind is acute. (Int +2) [Xom's grace]
  4212 | D        | Gained mutation: Your muscles are strong. (Str +2) [Xom's grace]
  4212 | D        | Gained mutation: You are covered in thick fur (AC +2). [Xom's grace]
  4452 | D        | XOM: give mutations
  4452 | D        | Gained mutation: You can translocate small distances at will. [Xom's grace]
  4452 | D        | Gained mutation: Your muscles are very strong. (Str +4) [Xom's grace]
  4452 | D        | Gained mutation: You are resistant to electric shocks. [Xom's grace]
  5383 | D        | Lost mutation: You are agile. (Dex +2) [evolution]
  5383 | D        | Lost mutation: You evolve. [end of evolution]
  5696 | D        | XOM is BORED!
  5696 | D        | XOM: mild Ice miscast
  6022 | D        | XOM: scenery: 4 doors open
  6142 | D        | XOM: god gift: shimmering turquoise ring {god gift}
  6143 | D        | Got a shimmering turquoise ring {god gift}
  6144 | D        | Identified the ring "Moaqesch" {+Fly SInv} (Xom gifted it to you in the Dungeon)
  7642 | D        | XOM: colour smoke trail
  7661 | D        | XOM: medium Summ miscast
  7662 | D        | Noticed a small abomination
  7673 | D        | Mangled by a small abomination

Vault maps used:
D:        pitsprint

Skill      XL: |  1 |
---------------+----+-----
Evocations     | 4 |  4.3
Fighting       | |  1.0
Short Blades   | |  1.0
Dodging        | |  2.0
Stealth        | |  1.3

Action                   || total
-------------------------++-------
Melee: Short sword       ||     4
       Tentacles         ||     2
       Constrict         ||     1
  Use: Potion            ||     1
  Eat: Bread ration      ||     5
Dodge: Dodged            ||     2
